Map: 2000 Atmospheres LE

Players

BarcodeName

  • Race: Zerg Zerg

jAZZED - Winner!

  • Race: Terran Terran
  • League: Silver

VOD

Have the link to the VOD?

Description

Time

  • Played on: Aug. 25, 2021, 5:48 a.m.
  • Length: 13:57
Show
View Real Time Build Order
Export as new Build Order

BarcodeName Zerg 

Build Orders: Hatch First 

Get SALT Encoding   

  12  0:00  Drone  
  13  0:13  Overlord  
  13  0:18  Drone  
  14  0:31  Drone x2  
  16  0:37  Drone  
  17  0:52  Hatchery  
  17  0:56  Drone  
  17  1:03  Drone  
  18  1:05  Extractor  
  17  1:15  Spawning Pool  
  17  1:18  Drone  
  17  1:20  Drone  
  18  1:29  Drone  
  19  1:40  Drone  
  20  1:51  Drone  
  21  2:00  Overlord  
  21  2:08  Queen x2  
  21  2:09  Drone  
  21  2:11  Metabolic Boost  
  21  2:14  Drone  
  27  2:16  Drone  
  28  2:23  Drone  
  28  2:28  Drone  
  29  2:37  Drone x2  
  30  2:44  Drone  
  30  2:45  Queen  
  30  2:46  Queen  
  33  2:51  Overlord  
  33  2:54  Drone  
  34  2:59  Drone  
  35  3:19  Roach Warren  
  34  3:20  Evolution Chamber  
  33  3:30  Evolution Chamber  
  33  3:34  Drone x5  
  33  3:35  Overlord, Drone  
  33  3:36  Drone x2  
  33  3:38  Drone  
  41  3:45  Lair  
  41  3:49  Drone  
  41  3:51  Drone  
  44  3:55  Drone x2  
  45  4:05  Drone x3, Extractor  
  45  4:06  Extractor, Drone  
  45  4:07  Drone  
  48  4:12  Drone  
  49  4:21  Zerg Missile Weapons Level 1  
  49  4:26  Overlord  
  49  4:35  Overlord  
  49  4:39  Roach  
  49  4:44  Glial Reconstitution  
  51  4:46  Roach x3  
  51  4:47  Roach  
  51  4:50  Hatchery  
  58  5:27  Overlord x2  
  58  5:30  Drone  
  58  5:31  Drone x5  
  64  5:50  Spore Crawler  
  64  5:51  Spore Crawler  
  64  5:52  Spore Crawler  
  64  5:53  Spore Crawler  
  64  5:54  Spore Crawler x2  
  58  5:57  Drone x2  
  58  5:58  Drone  
  58  5:59  Drone x4  
  59  6:05  Spore Crawler  
  59  6:07  Spore Crawler  
  59  6:08  Drone x3  
  59  6:09  Drone  
  59  6:10  Spore Crawler, Queen  
  56  6:15  Zerg Missile Weapons Level 2, Zerg Ground Armor Level 1  
  55  6:28  Drone x6  
  61  6:45  Queen  
  63  6:57  Drone x8  
  63  7:00  Extractor x2  
  69  7:13  Drone  
  69  7:14  Drone x6  
  69  7:15  Drone x5  
  81  7:19  Extractor  
  80  7:35  Overlord x2  
  80  7:38  Drone x3  
  80  7:41  Drone x2  
  80  7:42  Drone  
  86  7:47  Hydralisk Den  
  86  7:48  Roach x2  
  86  7:50  Overlord x3  
  89  7:58  Infestation Pit  
  88  8:02  Drone x2  
  90  8:07  Drone  
  91  8:15  Overlord x2  
  91  8:16  Overlord  
  91  8:17  Hatchery  
  90  8:48  Hydralisk x6  
  90  8:49  Hydralisk x8  
  90  8:50  Hydralisk  
  90  8:55  Zerg Ground Armor Level 2  
  120  8:57  Hive  
  120  8:58  Muscular Augments  
  120  9:00  Drone  
  120  9:01  Drone x8  
  129  9:09  Drone x7  
  136  9:33  Overlord x2  
  136  9:40  Extractor x2, Drone x3  
  136  9:42  Drone  
  136  9:43  Drone x2  
  136  9:44  Drone  
  141  9:54  Hatchery  
  140  10:01  Hydralisk  
  140  10:02  Hydralisk x11  
  140  10:06  Hydralisk  
  146  10:07  Hydralisk x4  
  146  10:09  Grooved Spines  
  125  10:19  Zerg Missile Weapons Level 3  
  125  10:20  Hydralisk x6  
  125  10:21  Hydralisk x2  
  123  10:29  Hydralisk  
  123  10:30  Hydralisk x2  
  123  10:31  Queen  
  123  10:33  Hydralisk  
  115  10:38  Hydralisk x2  
  115  10:39  Hydralisk  
  105  10:43  Zergling x4  
  105  10:44  Roach  
  105  10:45  Roach  
  101  11:16  Queen  
  101  11:22  Drone x5  
  101  11:23  Drone x5  
  101  11:24  Drone x6  
  117  11:46  Queen  
  119  11:53  Overlord x2  
  119  11:58  Hydralisk  
  119  11:59  Hydralisk x16  
  153  12:16  Overlord x2  
  153  12:19  Drone  
  153  12:22  Drone  
  155  12:23  Drone  
  155  12:25  Hatchery  
  155  12:28  Hydralisk  
  155  12:29  Hydralisk x5  
  165  12:30  Hydralisk  
  169  12:42  Hydralisk x4  
  169  12:43  Hydralisk x3  
  175  12:49  Hydralisk x3  
  175  12:50  Hydralisk  
  120  13:00  Hydralisk  
  120  13:01  Hydralisk x3  
  98  13:16  Hydralisk  
  98  13:17  Hydralisk x5  
  100  13:25  Hydralisk x4  
  88  13:31  Hydralisk  
  88  13:32  Hydralisk  
  88  13:33  Hydralisk x4  
Show
View Real Time Build Order
Export as new Build Order

jAZZED Terran - Winner!

Build Orders:  

Get SALT Encoding   

  12  0:00  SCV  
  13  0:13  SCV  
  14  0:17  Supply Depot  
  14  0:25  SCV  
  15  0:38  SCV  
  15  0:40  Barracks  
  16  0:45  Refinery  
  16  0:51  SCV  
  17  1:03  SCV  
  18  1:15  SCV  
  19  1:27  SCV  
  19  1:30  Reaper  
  21  1:35  Command Center  
  21  1:43  Orbital Command  
  21  1:51  Supply Depot  
  21  2:02  Barracks Reactor  
  21  2:09  SCV  
  22  2:24  Factory  
  22  2:40  Marine x2  
  24  2:50  Orbital Command  
  24  2:52  Bunker  
  23  3:09  Armory  
  23  3:16  Barracks Tech Lab  
  23  3:18  Hellion x2  
  27  3:21  SCV x2  
  27  3:25  Refinery  
  29  3:30  Supply Depot  
  29  3:33  SCV  
  30  3:41  Starport, Hellion  
  30  3:42  Hellion  
  30  3:46  SCV  
  35  3:51  SCV  
  36  3:58  SCV  
  36  3:59  Barracks Tech Lab  
  37  4:03  SCV  
  37  4:07  Supply Depot  
  38  4:10  SCV  
  38  4:15  SCV  
  38  4:16  Hellion x2  
  44  4:22  SCV  
  44  4:23  Liberator  
  48  4:26  Barracks  
  48  4:27  SCV  
  48  4:30  Supply Depot  
  49  4:34  SCV  
  50  4:39  SCV  
  50  4:42  Stimpack  
  51  4:46  SCV  
  51  4:51  SCV  
  53  4:59  SCV  
  54  5:03  SCV  
  54  5:04  Command Center  
  55  5:11  SCV  
  56  5:15  SCV  
  57  5:23  SCV  
  57  5:25  Supply Depot  
  57  5:27  SCV  
  59  5:28  Barracks Tech Lab  
  59  5:29  Barracks  
  59  5:35  SCV  
  60  5:36  Engineering Bay  
  60  5:37  Engineering Bay  
  60  5:39  Starport Reactor  
  60  5:40  SCV  
  61  5:47  SCV  
  62  5:52  SCV  
  63  5:59  SCV  
  64  6:07  SCV  
  65  6:11  SCV  
  65  6:12  Refinery  
  65  6:13  Combat Shield  
  63  6:19  SCV  
  63  6:20  Orbital Command  
  63  6:22  Barracks  
  63  6:23  SCV  
  61  6:29  Factory Tech Lab  
  61  6:31  SCV  
  56  6:35  SCV, Marine x2  
  56  6:38  Medivac x2  
  61  6:43  SCV, Refinery  
  61  6:44  Orbital Command  
  62  6:47  SCV  
  63  6:55  SCV  
  63  7:00  SCV, Marine  
  63  7:01  Marine x3  
  68  7:02  Siege Tank  
  68  7:07  SCV  
  68  7:08  Medivac x2  
  77  7:11  SCV  
  78  7:16  Terran Infantry Weapons Level 1  
  78  7:17  Supply Depot  
  78  7:18  Marine  
  78  7:20  Supply Depot  
  79  7:26  SCV x3  
  82  7:30  Marine x2  
  82  7:31  Marine  
  82  7:33  Barracks Reactor  
  85  7:37  Marine  
  85  7:38  Siege Tank, Medivac  
  91  7:48  Marine x3, Terran Infantry Armor Level 1  
  91  7:51  Terran Vehicle Weapons Level 1, Supply Depot  
  94  7:52  Supply Depot  
  94  7:53  SCV  
  94  7:54  SCV  
  94  7:55  Marine  
  97  8:05  Barracks  
  97  8:06  Marine  
  97  8:07  Refinery, Barracks x2, Marine x2  
  97  8:08  Refinery, Command Center  
  97  8:09  SCV x3  
  97  8:11  Concussive Shells  
  97  8:12  Marine x2  
  104  8:13  Marine  
  104  8:15  Siege Tank  
  109  8:20  Medivac  
  109  8:24  Marine  
  109  8:25  Marine x2  
  114  8:27  SCV x3  
  114  8:30  Marine x3  
  120  8:37  Supply Depot  
  120  8:38  Supply Depot  
  120  8:39  SCV  
  121  8:42  Marine x2  
  121  8:43  Marine  
  121  8:45  SCV x2  
  121  8:47  Siege Tank  
  121  8:48  Marine x3  
  130  8:51  SCV  
  133  8:59  SCV x2, Medivac  
  137  9:02  Supply Depot  
  137  9:03  SCV  
  137  9:04  Supply Depot  
  137  9:07  Marine x2  
  137  9:08  Marine x2  
  142  9:10  Barracks Reactor x3  
  142  9:11  SCV  
  143  9:17  Marine x2  
  143  9:19  Siege Tank  
  143  9:23  Medivac  
  150  9:24  Marine  
  150  9:29  Medivac  
  153  9:33  Marine x3  
  153  9:35  Marine  
  153  9:37  Marauder  
  159  9:41  SCV  
  159  9:42  SCV  
  159  9:43  SCV  
  159  9:44  Planetary Fortress  
  162  9:46  Marine  
  162  9:47  Marine x3  
  162  9:49  Supply Depot  
  162  9:51  Terran Infantry Weapons Level 2  
  162  9:52  Terran Infantry Armor Level 2, Supply Depot  
  166  9:53  Marauder  
  166  9:59  Marauder  
  150  10:07  Marine x4  
  150  10:08  Marine x2  
  147  10:29  Marine  
  147  10:30  Marine x11  
  144  10:47  Marine x6  
  144  10:48  Marine  
  145  10:51  Marine x4  
  115  11:14  Marine  
  115  11:15  Marine x7  
  115  11:16  Marine x4  
  115  11:17  Siege Tank  
  123  11:18  Medivac x2  
  123  11:24  Refinery x2  
  127  11:28  SCV  
  127  11:29  SCV x3  
  127  11:30  Terran Vehicle Weapons Level 2  
  127  11:32  Marine  
  131  11:34  Marauder x2  
  131  11:38  Supply Depot  
  131  11:39  Supply Depot  
  136  11:40  SCV  
  136  11:44  Marine  
  136  11:45  Marine x6  
  136  11:46  Marine x2  
  146  11:48  Medivac x2  
  146  11:50  Siege Tank, Marine  
  146  11:51  Command Center  
  154  11:55  Marine  
  154  11:56  Marauder  
  157  12:02  Marine x2  
  157  12:03  Marine x6  
  157  12:04  Marine  
  166  12:12  Marine  
  166  12:13  Marine  
  168  12:17  Marine  
  168  12:18  Medivac x2  
  168  12:20  Marine  
  168  12:22  Siege Tank  
  177  12:25  Supply Depot  
  177  12:27  Supply Depot  
  177  12:29  Marine x7  
  182  12:30  Marine x2  
  182  12:31  Marauder  
  182  12:35  Marauder  
  187  12:38  Marine  
  188  12:47  Marine x4  
  188  12:48  Medivac  
  173  12:53  Marauder  
  173  12:54  Siege Tank  
  173  12:56  Marauder  
  175  13:02  Marine  
  175  13:03  Marine  
  159  13:32  Marine x4  
  159  13:33  Marine x8  
Tags
 
Add a new tag
Caveats
  • Supply blocks, unpowered buildings, or Contaminate may cause inaccurate times.
  • Supply counts are checked every 10 seconds.